 Dungeon Sprint DCSS version 0.10.4 character file.

1320 Blackmore the Covert (level 7, -1/48 HPs)
             Began as a Sludge Elf Assassin on Oct 23, 2016.
             Slain by a baby alligator (19 damage)
             ... in the Dungeon (Sprint II: "The Violet Keep of Menkaure").
             The game lasted 00:02:55 (169 turns).

Blackmore the Covert (Sludge Elf Assassin)           Turns: 169, Time: 00:02:55

HP  -1/48        AC  3     Str 11      XL: 7   Next: 25%
MP   8/8         EV 15     Int  9 (13) God:
Gold 779         SH  0     Dex 17      Spells:  0 memorised,  6 levels left

Res.Fire  : . . .   See Invis. : .   a - +2 elf dagger {=f}
Res.Cold  : . . .   Warding    : . . c - +0 elf robe
Life Prot.: . . .   Conserve   : .   (no shield)
Res.Acid. : . . .   Res.Corr.  : .   (no helmet)
Res.Poison: .       Clarity    : .   d - +0 elf cloak
Res.Elec. : .       Spirit.Shd : .   (no gloves)
Sust.Abil.: . .     Stasis     : .   (no boots)
Res.Mut.  : .       Ctrl.Telep.: .   (no amulet)
Res.Rott. : .       Levitation : .   (no ring)
Saprovore : . . .   Ctrl.Flight: .   (no ring)

@: hasted, very quick, slightly resistant to hostile enchantments, very stealthy
A: no striking features
a: no special abilities


You were in the Dungeon.
You were not hungry.

You visited 1 branch of the dungeon, and saw 1 of its levels.

You collected 729 gold pieces.

Inventory:

Hand weapons
 a - a +2,+2 elven dagger (weapon) {=f}
 b - a +0 elven blowgun
Missiles
 e - 10 poisoned +0 needles
 f - 3 curare-tipped +0 needles
Armour
 c - a +0 elven robe (worn)
 d - a +0 elven cloak (worn)
Comestibles
 g - a bread ration
 l - a chunk of hippogriff flesh
Scrolls
 m - a scroll of blinking
Potions
 h - a potion of curing
 k - 2 potions of magic


   Skills:
 + Level 7.1 Fighting
 + Level 6.0 Short Blades
 + Level 7.2 Throwing
 + Level 4.8 Dodging
 * Level 9.4 Stealth
 * Level 6.8 Stabbing


You had 6 spell levels left.
You didn't know any spells.

Dungeon Overview and Level Annotations

Branches:
Dungeon (1/1)

Altars:

Annotations
D Menkaure


Message History

* * * LOW HITPOINT WARNING * * *
The baby alligator convulses!
Drink which item? (? for menu, Esc to quit)
You feel yourself speed up.
Drink which item? (? for menu, Esc to quit)
You feel much better. The baby alligator bites you!
You closely miss the baby alligator.
The baby alligator is heavily wounded.
The baby alligator barely misses you.
You closely miss the baby alligator.
The baby alligator is heavily wounded.
You hit the baby alligator.
The baby alligator is heavily wounded.
The baby alligator bites you!
You closely miss the baby alligator.
The baby alligator is heavily wounded.
You closely miss the baby alligator.
The baby alligator is heavily wounded.
The baby alligator bites you!
You die...

##+## ##.#.## ##
#%.#%.# .#
#####.##### .##
#.###'###t##..#
#.##.##@#.#..#
#.%<<<'###t..#
#..##.##.#.#M...#
#.###+###.#
......≈ ##
#j.#### ≈§....≈
##.j# ≈≈≈≈..≈
#.## ≈§≈≈§. '##
≈≈≈≈§ ≈ ≈≈≈≈


You could see a baby alligator.

Vanquished Creatures
  2 hippogriffs (D)
  4 brain worms (D)
  4 giant centipedes (D)
10 creatures vanquished.

Notes
Turn   | Place    | Note
--------------------------------------------------------------
     0 | D        | Blackmore, the Sludge Elf Assassin, began the quest for the Orb.
     0 | D        | Reached XP level 1. HP: 13/13 MP: 0/0
     2 | D        | Noticed a brain worm
     2 | D        | Noticed a brain worm
     2 | D        | Noticed a brain worm
     2 | D        | Noticed a brain worm
     9 | D        | Killed a brain worm
     9 | D        | Reached skill level 4 in Fighting
     9 | D        | Reached skill level 5 in Stealth
     9 | D        | Reached XP level 2. HP: 19/19 MP: 2/2
     9 | D        | Reached XP level 3. HP: 24/24 MP: 3/3
     9 | D        | Reached XP level 4. HP: 30/30 MP: 4/4
    13 | D        | Killed a brain worm
    13 | D        | Reached skill level 5 in Throwing
    13 | D        | Reached skill level 6 in Stealth
    13 | D        | Reached XP level 5. HP: 36/36 MP: 6/6
    18 | D        | Killed a brain worm
    18 | D        | Reached skill level 5 in Fighting
    18 | D        | Reached skill level 7 in Stealth
    18 | D        | Reached skill level 5 in Stabbing
    21 | D        | Killed a brain worm
    21 | D        | Reached skill level 5 in Short Blades
    21 | D        | Reached XP level 6. HP: 42/42 MP: 7/7
    70 | D        | Noticed a giant centipede
    70 | D        | Noticed a giant centipede
    72 | D        | Noticed a giant centipede
    72 | D        | Noticed a giant centipede
    73 | D        | Killed a giant centipede
    74 | D        | Killed a giant centipede
    74 | D        | Reached skill level 8 in Stealth
    76 | D        | Killed a giant centipede
    81 | D        | Killed a giant centipede
    88 | D        | Noticed a hippogriff
    88 | D        | Noticed a hippogriff
    91 | D        | Killed a hippogriff
    94 | D        | Killed a hippogriff
    94 | D        | Reached skill level 9 in Stealth
    94 | D        | Reached XP level 7. HP: 46/48 MP: 8/8
   107 | D        | Noticed an agate snail
   107 | D        | Noticed an agate snail
   112 | D        | Noticed Menkaure
   169 | D        | Slain by a baby alligator
